Map: Abiogênese LE

Players

negololko - Winner!

  • Race: Protoss Protoss
  • Spawn Location: 11:00

IagoAbreu

  • Race: Zerg Zerg
  • League: Gold
  • Spawn Location: 5:00

VOD

Have the link to the VOD?

Description

Time

  • Played on: March 13, 2018, 1:32 p.m.
  • Length: 14:55
Show
View Real Time Build Order
Export as new Build Order

negololko Protoss - Winner!

Build Orders: Cannon Rush 

Get SALT Encoding   

  12  0:10  Pylon  
  12  0:13  Probe  
  13  0:29  Forge  
  13  0:40  Pylon  
  13  0:44  Probe  
  14  0:56  Probe  
  15  1:05  Photon Cannon  
  15  1:08  Probe  
  16  1:17  Photon Cannon  
  16  1:22  Probe  
  17  1:31  Assimilator  
  17  1:38  Gateway  
  17  1:49  Photon Cannon  
  17  1:59  Probe (Chrono Boost)  
  18  2:04  Pylon  
  18  2:11  Probe (Chrono Boost)  
  18  2:15  Assimilator  
  19  2:17  Probe (Chrono Boost)  
  20  2:25  Probe  
  21  2:30  Gateway  
  21  2:40  Cybernetics Core  
  21  2:51  Zealot  
  23  2:58  Photon Cannon  
  23  3:00  Probe (Chrono Boost)  
  24  3:11  Probe (Chrono Boost)  
  25  3:13  Warp Gate (Chrono Boost)  
  25  3:16  Gateway  
  25  3:41  Stalker  
  27  3:42  Stalker  
  27  3:47  Photon Cannon  
  29  3:58  Twilight Council  
  29  3:59  Probe  
  30  4:07  Stalker  
  32  4:31  Stalker  
  32  4:33  Stalker, Blink (Chrono Boost)  
  36  5:07  Nexus  
  36  5:20  Assimilator  
  36  5:23  Pylon  
  36  5:32  Dark Shrine  
  36  5:34  Pylon  
  36  5:49  Templar Archives  
  36  5:54  Robotics Facility  
  36  6:04  Sentry  
  36  6:10  Gateway  
  38  6:25  Probe x2  
  39  6:32  High Templar  
  41  6:37  Probe x2  
  43  6:57  Probe  
  43  6:58  Probe  
  45  7:11  Dark Templar  
  47  7:22  Probe (Chrono Boost)  
  48  7:29  Photon Cannon  
  48  7:32  Photon Cannon, Probe (Chrono Boost)  
  48  7:36  Assimilator  
  49  7:37  Psionic Storm  
  49  7:40  Probe (Chrono Boost)  
  49  7:41  Stalker  
  49  7:42  Stalker  
  54  7:44  Stalker  
  54  7:46  Probe (Chrono Boost)  
  57  7:54  Probe  
  58  8:06  Probe  
  59  8:25  Protoss Air Weapons Level 1  
  59  8:41  Nexus  
  59  9:07  Stalker x4  
  67  9:32  Stalker  
  67  9:38  Pylon  
  69  9:52  Robotics Bay  
  69  9:53  Immortal  
  69  9:54  Stargate  
  69  9:59  Assimilator  
  73  10:07  Probe x2  
  73  10:08  Probe  
  73  10:12  High Templar  
  73  10:13  High Templar  
  80  10:15  Zealot  
  80  10:16  Zealot, Charge (Chrono Boost)  
  80  10:19  Probe  
  80  10:20  Probe x2  
  87  10:27  Assimilator  
  87  10:35  Gateway  
  87  10:37  Gateway  
  79  12:03  Probe  
  80  12:13  Protoss Air Armor Level 1 (Chrono Boost)  
  80  12:15  Probe, Nexus  
  80  12:20  Observer Gravitic Boosters  
  80  12:21  Colossus  
  87  12:23  Void Ray  
  87  12:24  Nexus  
  87  12:27  Probe  
  92  12:30  Pylon  
  92  12:32  Pylon  
  92  12:40  Assimilator, Probe  
  93  12:45  Assimilator  
  93  12:51  Stalker x4  
  95  12:52  Stalker x2  
  95  12:53  Assimilator  
  105  12:58  Assimilator  
  105  13:01  Photon Cannon  
  105  13:06  Void Ray  
  105  13:07  Pylon  
  109  13:12  Pylon  
  109  13:14  Pylon  
  109  13:25  Colossus, Probe  
  116  13:38  Probe  
  117  13:50  Probe  
  118  13:59  Void Ray  
  122  14:04  Stalker x2  
  122  14:05  Stalker x4  
  134  14:11  Fleet Beacon  
  134  14:14  Photon Cannon  
  134  14:16  Photon Cannon  
Show
View Real Time Build Order
Export as new Build Order

IagoAbreu Zerg 

Build Orders: Hatch First 

Get SALT Encoding   

  12  0:12  Drone  
  12  0:13  Drone  
  14  0:17  Overlord  
  14  0:56  Hatchery  
  13  1:03  Spawning Pool  
  13  1:04  Drone  
  14  1:27  Drone x3, Extractor  
  16  1:41  Extractor  
  16  1:42  Drone  
  16  1:53  Queen  
  18  1:58  Zergling x2  
  19  2:08  Roach Warren  
  17  2:32  Drone x3  
  20  2:37  Lair  
  20  2:57  Overlord x2  
  20  3:17  Roach x2  
  20  3:18  Roach  
  26  3:23  Roach  
  28  3:42  Spire  
  27  3:52  Nydus Network  
  26  3:56  Drone  
  26  3:57  Drone x4  
  31  4:13  Evolution Chamber  
  30  4:24  Burrow  
  30  4:34  Overlord  
  30  4:35  Overlord x2  
  30  4:41  Zerg Melee Weapons Level 1  
  30  5:13  Overseer  
  30  5:21  Drone x3  
  30  5:22  Drone x3  
  36  5:36  Tunneling Claws  
  36  5:39  Queen  
  38  5:52  Nydus Canal  
  38  6:20  Hatchery  
  37  6:30  Overseer  
  37  6:31  Hatchery  
  36  7:01  Extractor  
  35  7:02  Extractor  
  34  7:09  Infestation Pit  
  34  7:12  Mutalisk x2  
  34  7:15  Overlord x2  
  37  7:36  Zerg Missile Weapons Level 1  
  37  7:40  Zerg Flyer Weapons Level 1  
  37  7:46  Hive  
  37  7:58  Queen  
  38  8:06  Drone  
  38  8:07  Drone  
  38  8:22  Overseer  
  38  8:23  Overseer  
  36  8:49  Corruptor x2  
  36  8:50  Mutalisk  
  38  9:13  Roach x2  
  42  9:40  Drone  
  42  9:42  Overlord x2  
  43  9:49  Greater Spire  
  43  9:53  Overlord  
  43  10:01  Drone  
  43  10:03  Overseer  
  44  10:09  Overseer  
  44  10:27  Drone  
  44  10:28  Drone  
  52  10:35  Swarm Host  
  55  10:38  Drone x2  
  60  10:55  Nydus Canal  
  34  12:07  Brood Lord  
  34  12:08  Corruptor x2  
  36  12:11  Zergling x6  
  36  12:12  Zergling x2  
  44  12:36  Overlord  
  44  12:37  Overlord  
  44  12:48  Overlord x2  
  44  12:57  Brood Lord  
  46  13:14  Brood Lord  
  48  13:27  Brood Lord  
  48  13:32  Roach  
  52  13:39  Roach  
  54  14:17  Mutalisk  
  54  14:18  Mutalisk  
  52  14:37  Zergling x8  
Tags
 
Add a new tag
Caveats
  • Supply blocks, unpowered buildings, or Contaminate may cause inaccurate times.
  • Supply counts are checked every 10 seconds.